 Dungeon Crawl Stone Soup version 0.19.4 (webtiles) character file.

109 empire the Shield-Bearer (level 4, 0/41 HPs)
             Began as a Minotaur Fighter on Feb 3, 2017.
             Slain by an orc
             ... wielding a +0 mace
              (6 damage)
             ... on level 3 of the Dungeon.
             The game lasted 00:04:36 (1715 turns).

empire the Shield-Bearer (Minotaur Fighter)         Turns: 1715, Time: 00:04:36

Health: 0/41       AC:  7    Str: 21    XL:     4   Next: 59%
Magic:  3/3        EV:  8    Int:  5    God:
Gold:   118        SH:  9    Dex: 10    Spells: 0 memorised, 3 levels left

rFire  . . .     SeeInvis .     a - +0 long sword
rCold  . . .     Gourm    +     b - +0 scale mail
rNeg   . . .     Faith    .     c - +0 shield
rPois  +         Spirit   .     (helmet restricted)
rElec  .         Reflect  .     (no cloak)
rCorr  .         Harm     .     (no gloves)
MR     .....                    (no boots)
Stlth  ..........               r - amulet of the gourmand
                                (no ring)
                                q - ring of poison resistance

@: no status effects
A: retaliatory headbutt, horns 2
a: no special abilities


You were on level 3 of the Dungeon.
You were not hungry.

You visited 1 branch of the dungeon, and saw 3 of its levels.

You collected 118 gold pieces.

Inventory:

Hand Weapons
 a - a +0 long sword (weapon)
Armour
 b - a +0 scale mail (worn)
 c - a +0 shield (worn)
Jewellery
 l - an uncursed amulet of magic regeneration
 q - a ring of poison resistance (left hand)
 r - an amulet of the gourmand (around neck)
Scrolls
 e - 3 scrolls of remove curse {unknown}
 i - a scroll of random uselessness {unknown}
 k - a scroll of fog {unknown}
 p - a scroll of enchant weapon {unknown}
Potions
 d - a potion of might
 j - a potion of invisibility {unknown}
 m - 2 potions of flight {unknown}
 o - a potion of heal wounds {unknown}
Comestibles
 f - 2 bread rations
 g - a slice of pizza
 h - 2 meat rations
 n - 5 fruits


   Skills:
 + Level 4.4 Fighting
 + Level 3.1 Long Blades
 + Level 4.3 Armour
 + Level 0.9 Dodging
 + Level 4.8 Shields


You had 3 spell levels left.
You didn't know any spells.

Dungeon Overview and Level Annotations

Branches:
Dungeon (3/15)

Altars:
Xom
Yredelemnul


Innate Abilities, Weirdness & Mutations

You reflexively headbutt those who attack you in melee.
You have a pair of horns on your head.


Message History

The orc priest is almost dead.
The orc hits you with a club.
The orc priest hits you but does no damage.
You barely miss the orc priest.
The orc priest is almost dead.
The orc closely misses you. You furiously retaliate!
You headbutt the orc, but do no damage. The orc hits you with a mace.
You block the orc priest's attack. The orc hits you but does no damage. x2
You closely miss the orc priest.
The orc priest is almost dead.
The orc priest hits you but does no damage.
The orc hits you with a mace. The orc hits you with a club.
The orc hits you but does no damage.
The orc priest mumbles some strange prayers to Beogh against you.
Beogh smites you!
* * * LOW HITPOINT WARNING * * *
You barely miss the orc priest.
The orc priest is almost dead.
The orc hits you with a mace.
You die...

##############
≈#####≈≈≈≈≈≈≈≈≈≈≈≈≈
≈≈≈≈≈≈≈≈≈≈≈≈≈≈≈≈≈≈≈
≈≈≈≈≈≈≈≈≈≈≈≈≈≈≈≈≈≈≈
.≈≈≈.≈≈≈≈≈≈..≈≈.≈.≈
...........oo......
.......).).@o......
####.......o...."..
#######(#######.
#.# ########## #.#
##...##...###.#
##....^.....##.#
#..............#
#.............##


You could see an orc priest and 3 orcs.

Vanquished Creatures
  4 adders
  An ooze (D:1)
  4 worms (D:2)
  2 dart slugs (D:1)
  A leopard gecko (D:2)
  A giant cockroach (D:2)
  4 goblins
  4 hobgoblins
  8 jackals
  A ball python (D:3)
  3 bats
  6 frilled lizards
  10 kobolds
  7 rats
56 creatures vanquished.

Vanquished Creatures (others)
  A kobold (D:1)
1 creature vanquished.

Grand Total: 57 creatures vanquished

Notes
Turn   | Place    | Note
-------+----------+-------------------------------------------
     0 | D:1      | empire the Minotaur Fighter began the quest for the Orb.
     0 | D:1      | Reached XP level 1. HP: 19/19 MP: 0/0
   103 | D:1      | Reached XP level 2. HP: 26/27 MP: 1/1
   417 | D:2      | Found a basalt altar of Yredelemnul.
   421 | D:2      | Reached XP level 3. HP: 23/33 MP: 2/2
   701 | D:2      | HP: 1/33 [jackal (2)]
  1101 | D:2      | Reached XP level 4. HP: 40/40 MP: 3/3
  1448 | D:2      | Found a shimmering altar of Xom.
  1715 | D:3      | Slain by an orc

Skill      XL: |  1  2  3  4 |
---------------+-------------+-----
Shields        | 4 |  4.8
Armour         | 4 |  4.3
Fighting       | 4 |  4.4
Long Blades    | 3 |  3.1
Dodging        | |  0.9

Action                   |  1- 3 |  4- 6 || total
-------------------------+-------+-------++-------
Melee: Long sword        |    91 |    61 ||   152
       Headbutt          |    17 |     9 ||    26
  Eat: Chunk             |     1 |     7 ||     8
Armor: Scale mail        |    83 |    42 ||   125
Dodge: Dodged            |    59 |    30 ||    89
Block: Shield            |    83 |    46 ||   129
       Rpst.: Long sword |    16 |     8 ||    24
